 Dungeon Crawl Stone Soup version 0.21.1-1-g345015fe64 (webtiles) character file.

373 Peloso the Shield-Bearer (level 6, -3/53 HPs)
             Began as a Minotaur Fighter on June 23, 2018.
             Slain by a gnoll
             ... wielding a +0 halberd
              (8 damage)
             ... on level 3 of the Dungeon.
             The game lasted 00:06:18 (2401 turns).

Peloso the Shield-Bearer (Minotaur Fighter)         Turns: 2401, Time: 00:06:18

Health: -3/53      AC:  9    Str: 21    XL:     6   Next: 43%
Magic:  5/5        EV:  6    Int:  5    God:
Gold:   130        SH: 10    Dex: 11    Spells: 5/5 levels left

rFire    + . .     SeeInvis .   a - +0 long sword
rCold    x . .     Gourm    .   c - +0 shield
rNeg     + . .     Faith    .   b - +0 chain mail
rPois    .         Spirit   .   (helmet restricted)
rElec    .         Reflect  .   (no cloak)
rCorr    .         Harm     .   (no gloves)
MR       .....                  (no boots)
Stlth    ..........             (no amulet)
HPRegen  0.17/turn              e - ring of positive energy
MPRegen  0.09/turn              q - ring of fire

@: drained
A: retaliatory headbutt, horns 2
a: no special abilities


You were on level 3 of the Dungeon.
You were not hungry.

You visited 1 branch of the dungeon, and saw 3 of its levels.

You collected 130 gold pieces.

Inventory:

Hand Weapons
 a - a +0 long sword (weapon)
Armour
 b - a +0 chain mail (worn)
 c - a +0 shield (worn)
Jewellery
 e - a ring of positive energy (left hand)
 o - an uncursed amulet of harm
 q - a ring of fire (right hand)
Wands
 d - a wand of iceblast (7)
Scrolls
 g - 4 scrolls of magic mapping {unknown}
 k - 3 scrolls of blinking {unknown}
 m - a scroll of remove curse {unknown}
 n - a scroll of enchant weapon {unknown}
 p - a scroll of identify {unknown}
Potions
 h - 2 potions of heal wounds {unknown}
 i - a potion of haste {unknown}
 j - a potion of brilliance {unknown}
 l - 2 potions of degeneration {unknown}
 r - a potion of agility {unknown}
Comestibles
 f - 6 rations


   Skills:
 + Level 4.5(4.4) Fighting
 + Level 5.0(4.9) Long Blades
 + Level 5.3(5.1) Armour
 + Level 0.9(0.8) Dodging
 + Level 5.6(5.5) Shields


You had 5 spell levels left.
You didn't know any spells.

Dungeon Overview and Level Annotations

Branches:
Dungeon (3/15)

Altars:


Innate Abilities, Weirdness & Mutations

You reflexively headbutt those who attack you in melee.
You have a pair of horns on your head.


Message History

The gnoll hits you from afar with a halberd!
* * * LOW HITPOINT WARNING * * *
The goblin closely misses you. You furiously retaliate!
You headbutt the goblin!
You kill the goblin!
You block the goblin's attack.
You hit the kobold but do no damage.
You kill the kobold!
You block the goblin's attack. The goblin hits you but does no damage.
The gnoll hits you from afar with a halberd!
* * * LOW HITPOINT WARNING * * *
The goblin closely misses you. You furiously retaliate!
You headbutt the goblin.
You kill the goblin!
Unknown command.
You hit the kobold but do no damage. Your headbutt misses the kobold.
The goblin hits you but does no damage. The goblin closely misses you.
You block the kobold's attack.
The gnoll hits you from afar with a halberd!
You die...

########################
#≈≈≈≈≈ #
......#............
#≈≈≈≈≈ #
......'............
#≈≈≈≈≈
#########............
.#.....))...########. .
.'....))....# ...
.#..........########....
#########......)ggKg...#
# ...'.....?)@Kg..K.# #
....#.......))g....# #
####################


You could see a big kobold, 2 gnolls, a hobgoblin, 2 goblins and 2 kobolds.

Vanquished Creatures
  The ghost of Niraks the Cudgeler, an amateur DsBe of Trog (D:3)
  A big kobold (D:3)
  A hound (D:2)
  An orc wizard (D:3)
  A gnoll (D:3)
  4 adders
  2 oozes
  A worm (D:2)
  2 leopard geckos
  10 orcs (D:3)
  4 giant cockroaches
  22 goblins
  10 hobgoblins
  7 jackals
  A quokka (D:2)
  14 bats
  5 frilled lizards
  4 kobolds
  3 rats
94 creatures vanquished.

Notes
Turn   | Place    | Note
-------+----------+-------------------------------------------
     0 | D:1      | Peloso the Minotaur Fighter began the quest for the Orb.
     0 | D:1      | Reached XP level 1. HP: 19/19 MP: 0/0
   192 | D:1      | Reached XP level 2. HP: 27/27 MP: 1/1
   869 | D:2      | Reached XP level 3. HP: 20/33 MP: 2/2
  1308 | D:2      | Reached XP level 4. HP: 37/40 MP: 3/3
  1532 | D:3      | Noticed Niraks's ghost (amateur DsBe)
  1538 | D:3      | Killed Niraks's ghost
  1538 | D:3      | Reached skill level 5 in Armour
  1538 | D:3      | Reached skill level 5 in Shields
  1538 | D:3      | Reached XP level 5. HP: 47/47 MP: 4/4
  1871 | D:3      | Reached XP level 6. HP: 26/53 MP: 5/5
  2397 | D:3      | Reached skill level 5 in Long Blades
  2401 | D:3      | Slain by a gnoll

Skill      XL: |  1  2  3  4  5  6 |
---------------+-------------------+-----
Fighting       | 4 |  4.5
Armour         | 4 5 |  5.3
Shields        | 4 5 |  5.6
Long Blades    | 3 4 5 |  5.0
Dodging        | |  0.9

Action                   |  1- 3 |  4- 6 || total
-------------------------+-------+-------++-------
Melee: Long sword        |   114 |   131 ||   245
       Headbutt          |    17 |    17 ||    34
  Use: Potion            |       |     1 ||     1
  Eat: Chunk             |     1 |     4 ||     5
Armor: Scale mail        |    10 |       ||    10
       Chain mail        |    81 |    97 ||   178
Dodge: Dodged            |    30 |    39 ||    69
Block: Shield            |   105 |   130 ||   235
       Rpst.: Long sword |     6 |     7 ||    13
